 Dungeon Crawl Stone Soup version 0.30.1-9-gdf580d7c3d (webtiles) character file.

Game seed: 3907030159888665079

2072 croobank the Covert (level 9, -2/74 HPs)
             Began as a Gnoll Delver on Oct 3, 2023.
             Was an Initiate of Gozag.
             Slain by a chaos spawn (11 damage)
             ... on level 7 of the Dungeon.
             The game lasted 00:46:11 (7113 turns).

croobank the Covert (Gnoll Delver)                  Turns: 7113, Time: 00:46:11

Health: -2/74      AC: 10    Str: 11    XL:     9   Next: 26%
Magic:  15/15      EV: 14    Int: 13    God:    Gozag
Gold:   613        SH:  0    Dex: 15    Spells: 16/16 levels left

rFire   . . .        a - +1 short sword
rCold   . . .        (no shield)
rNeg    . . .        b - +0 leather armour
rPois   .            (no helmet)
rElec   .            p - +2 cloak
rCorr   .            y - +1 pair of gloves
SInv    .            h - +0 pair of boots
Will    .....        (no amulet)
Stlth   ++++         (no ring)
HPRegen 0.32/turn    (no ring)
MPRegen 0.14/turn

%: no passive effects
@: no status effects
A: fangs 1, strong nose, distributed training
a: Renounce Religion, Potion Petition, Call Merchant, Bribe Branch


You were on level 7 of the Dungeon.
You worshipped Gozag.
Gozag was pleased with you.
You visited 2 branches of the dungeon, and saw 8 of its levels.

You collected 718 gold pieces.
You paid 105 gold pieces to Gozag.

Inventory:

Hand Weapons
 a - a +1 short sword (weapon)
 j - a +1 flail of protection
 k - a +0 dagger
 t - a +0 long sword of protection
 u - a +1 rapier of flaming
 D - a +0 arbalest
Missiles
 m - 6 boomerangs (quivered)
 w - 23 poisoned darts
 B - a throwing net
Armour
 b - a +0 leather armour (worn)
 h - a +0 pair of boots (worn)
 p - a +2 cloak (worn)
 r - an orb of light
 s - a scarf of repulsion
 v - a +2 chain mail of fire resistance
 y - a +1 pair of gloves (worn)
 C - a +0 ring mail
Jewellery
 e - a ring of protection from fire
Wands
 g - a wand of digging (3)
 l - a wand of flame (19)
Scrolls
 c - 2 scrolls of fog
 d - 3 scrolls of magic mapping
 i - 4 scrolls of amnesia
 q - a scroll of immolation
 x - a scroll of teleportation
Potions
 f - a potion of haste
 n - a potion of curing
 o - a potion of flight
 z - a potion of cancellation {unknown}
 A - 2 potions of resistance


   Skills:
 + Level 7.9 Fighting
 + Level 6.3 Short Blades
 + Level 4.2 Long Blades
 + Level 4.2 Axes
 + Level 4.2 Maces & Flails
 + Level 4.2 Polearms
 + Level 4.2 Staves
 + Level 4.2 Ranged Weapons
 + Level 4.2 Throwing
 + Level 4.2 Armour
 + Level 6.3 Dodging
 + Level 10.5 Stealth
 + Level 4.2 Shields
 + Level 4.2 Unarmed Combat
 + Level 4.2 Spellcasting
 + Level 3.4 Conjurations
 + Level 3.4 Hexes
 + Level 3.4 Summonings
 + Level 3.4 Necromancy
 + Level 3.4 Translocations
 + Level 3.4 Transmutations
 + Level 3.4 Fire Magic
 + Level 3.4 Ice Magic
 + Level 3.4 Air Magic
 + Level 3.4 Earth Magic
 + Level 3.4 Poison Magic
 + Level 4.6 Invocations
 + Level 4.2 Evocations


You had 16 spell levels left.
You didn't know any spells.
Your spell library contained the following spells:

 Spells                   Type           Power      Damage    Failure   Level
 Ignite Poison            Fire/Tmut/Pois 11%        N/A       19%         3
 Sticky Flame             Conj/Fire      11%        2d3       52%         4
 Summon Ice Beast         Ice/Summ       11%        N/A       52%         4
 Summon Mana Viper        Hex/Summ       11%        N/A       86%         5
 Monstrous Menagerie      Summ           5%         N/A       100%        7
 Ignition                 Fire           5%         3d4       100%        8


Dungeon Overview and Level Annotations

Branches:
Dungeon (8/15)             Temple (1/1) D:4
   Lair: D:8-11

Altars:
Ashenzari
Cheibriados
Fedhas
Gozag
Hepliaklqana
Kikubaaqudgha
Nemelex Xobeh
Okawaru
Qazlal
Ru
Sif Muna
Trog
Uskayaw
Vehumet
Wu Jian
Xom
Yredelemnul
Zin
The Shining One

Shops:
D:6 (

Annotations:
D:3 1 runed translucent door, Crazy Yiuf
D:5 3 runed translucent doors, safid's ghost, novice MfIE
D:7 2 transporters, Rem's ghost, novice OpTm


Innate Abilities, Weirdness & Mutations

You have very sharp teeth.
Your uncanny sense of smell can sniff out nearby items.
Your experience applies equally to all skills.


Message History

The chaos spawn completely misses you.
You hit the chaos spawn.
The chaos spawn is moderately wounded.
You hit the chaos spawn.
You bite the chaos spawn, but do no damage.
The chaos spawn is moderately wounded.
The chaos spawn closely misses you.
You completely miss the chaos spawn.
The chaos spawn is moderately wounded.
The chaos spawn barely misses you.
You closely miss the chaos spawn. Your bite misses the chaos spawn.
The chaos spawn is moderately wounded.
Okay, then.
You don't know any spells.
Okay, then.
What are your orders? t - Bark!
Orders for allies: a - Attack new target. p - Attack previous target. r - Retreat! s - Stop attacking. g - Guard the area. f - Follow me.
Anything else - Cancel.
Gang up on whom?
Press: ? - help, Dir - move target, p - chaos spawn You can't see that place.
Okay, then.
You hit the chaos spawn.
You bite the chaos spawn, but do no damage.
The chaos spawn is moderately wounded.
The chaos spawn hits you! The chaos spawn shocks you!
You hit the chaos spawn but do no damage.
The chaos spawn is moderately wounded.
The chaos spawn hits you!
* * * LOW HITPOINT WARNING * * *
You are engulfed in flames!
* * * LOW HITPOINT WARNING * * *
You feel better. The chaos spawn gores you!
* * * LOW HITPOINT WARNING * * *
The chaos spawn freezes you!
You die...
Your body crumbles into a pile of gold.

# # # # #
################## ######
#................#
.#.#.###.#######..#####.#
......##.#....<#@.#####.##
#'##.#...........4.....>.#
...#..##.#.###.########..#
...+.###.#)....#....# #..#
...#..##.####..#.##.# #..#
#+##.###)##....#.##.# #..#
......##..+....#.##.# #..#
.#.#.######....#.##.# #..#
...............#.##.# #..#


You could see a chaos spawn.

Vanquished Creatures
  A steam dragon (D:3)
  Menkaure (D:4)
  A water moccasin (D:6)
  2 ice beasts
  2 ogres
  5 centaurs
  3 bullfrogs
  A scorpion (D:6)
  A hound (D:5)
  3 jellies
  A sleepcap (D:4)
  4 gnoll boudas
  3 iguanas
  Ijyb (D:3)
  Terence (D:2)
  3 orc wizards
  8 gnolls
  7 adders
  A white imp (D:4)
  An ufetubus (D:5)
  A dart slug (D:3)
  18 orcs
  5 ball pythons
  2 endoplasms
  6 giant cockroaches
  4 hobgoblins
  3 quokkas
  A frilled lizard (D:3)
  2 goblins (D:4)
  4 rats
96 creatures vanquished.

Notes
Turn   | Place    | Note
-------+----------+-------------------------------------------
     0 | D:5      | Reached skill level 9 in Stealth
     0 | D:5      | croobank the Gnoll Delver began the quest for the Orb.
     0 | D:5      | Reached XP level 1. HP: 23/23 MP: 1/1
   113 | D:7      | Noticed a gnoll bouda
   114 | D:7      | Noticed a gnoll bouda
   114 | D:7      | Noticed a centaur
   114 | D:7      | Noticed an iguana
   255 | D:5      | Found a runed translucent gate.
   255 | D:5      | Identified the +2 sling "Pess" {heavy, rF+ Dex+3}
   255 | D:5      | Identified the +0 scale mail of Nots {Harm Will+ Str+6
                  | Slay+3}
   255 | D:5      | Noticed an iguana
   257 | D:5      | Killed an iguana
   258 | D:5      | Reached XP level 2. HP: 29/29 MP: 2/2
   258 | D:5      | Reached XP level 3. HP: 35/35 MP: 3/3
   259 | D:5      | Found a runed translucent gate.
   259 | D:5      | Noticed safid's ghost (novice MfIE)
   261 | D:5      | Found a runed translucent gate.
   297 | D:4      | Noticed Menkaure
   417 | D:3      | Reached skill level 1 in Invocations
   848 | D:2      | Noticed Terence
   870 | D:2      | Killed Terence
   871 | D:2      | Reached skill level 1 in Long Blades
   871 | D:2      | Reached skill level 1 in Axes
   871 | D:2      | Reached skill level 1 in Maces & Flails
   871 | D:2      | Reached skill level 1 in Polearms
   871 | D:2      | Reached skill level 1 in Staves
   871 | D:2      | Reached skill level 1 in Ranged Weapons
   871 | D:2      | Reached skill level 1 in Throwing
   871 | D:2      | Reached skill level 1 in Armour
   871 | D:2      | Reached skill level 1 in Shields
   871 | D:2      | Reached skill level 1 in Unarmed Combat
   871 | D:2      | Reached skill level 1 in Spellcasting
   871 | D:2      | Reached skill level 1 in Evocations
   871 | D:2      | Reached XP level 4. HP: 8/41 MP: 5/5
  1250 | D:3      | Noticed Ijyb
  1255 | D:3      | Killed Ijyb
  1256 | D:3      | Reached skill level 1 in Conjurations
  1256 | D:3      | Reached skill level 1 in Hexes
  1256 | D:3      | Reached skill level 1 in Summonings
  1256 | D:3      | Reached skill level 1 in Necromancy
  1256 | D:3      | Reached skill level 1 in Translocations
  1256 | D:3      | Reached skill level 1 in Transmutations
  1256 | D:3      | Reached skill level 1 in Fire Magic
  1256 | D:3      | Reached skill level 1 in Ice Magic
  1256 | D:3      | Reached skill level 1 in Air Magic
  1256 | D:3      | Reached skill level 1 in Earth Magic
  1256 | D:3      | Reached skill level 1 in Poison Magic
  1282 | D:3      | Found a runed translucent door.
  1283 | D:3      | Noticed Crazy Yiuf
  1637 | D:3      | Found a hazy altar of Hepliaklqana.
  1766 | D:3      | Noticed an ogre
  1771 | D:3      | HP: 2/41 [ogre/+0 giant spiked club (39)]
  1802 | D:3      | Killed an ogre
  1803 | D:3      | Reached XP level 5. HP: 9/47 MP: 7/7
  2251 | D:3      | Noticed a steam dragon
  2262 | D:3      | HP: 1/47 [steam dragon (9)]
  2265 | D:3      | Killed a steam dragon
  2266 | D:3      | Reached skill level 5 in Short Blades
  2266 | D:3      | Reached skill level 5 in Dodging
  2266 | D:3      | Reached XP level 6. HP: 1/53 MP: 7/9
  3246 | D:4      | Killed Menkaure
  3247 | D:4      | Reached XP level 7. HP: 21/60 MP: 10/10
  3528 | D:4      | Found a staircase to the Ecumenical Temple.
  3534 | Temple   | Entered the Ecumenical Temple
  3723 | Temple   | Became a worshipper of Gozag Ym Sagoz the Greedy
  4662 | D:6      | Reached skill level 10 in Stealth
  4703 | D:6      | Reached XP level 8. HP: 16/67 MP: 12/12
  5596 | D:6      | Found Useipim's Antique Weapon Shoppe.
  6097 | D:7      | Found a transporter.
  6097 | D:7      | Found a transporter.
  6108 | D:7      | Noticed a moth of wrath
  6113 | D:7      | Found a bloodstained altar of Trog.
  6114 | D:7      | Noticed Rem's ghost (novice OpTm)
  6186 | D:7      | Reached XP level 9. HP: 41/73 MP: 14/14
  6552 | D:8      | Found the +7 mace of Variability {chaos, chaos arc}
  6555 | D:8      | Found a shimmering altar of Xom.
  7113 | D:7      | Slain by a chaos spawn

Illustrated notes

Levels and vault maps discovered:
D:2:      layout_basic, uniq_terence
D:3:      layout_loops_cross, mainiacjoe_overflow_concentric_impassable,
          uniq_ijyb, uniq_crazy_yiuf_cottage
D:4:      layout_basic, minmay_temple_entry_fiery, patterned_corridor,
          uniq_menkaure
D:5:      layout_loops_ring, biasface_ghost_orc_armoury, portal_sewer_entry_b
D:6:      layout_gridville, serial_shops, nicolae_shop_tiny_waterfront
D:7:      layout_basic, gammafunk_ghost_wrathful_warriors, minmay_misc_feat_x,
          minmay_misc_feat_doors, st_stairs_5, kennysheep_potato
D:8:      layout_loops_ring, minmay_guarded_unrand_variability
Temple:   hc_temple_tempest_star

Skill      XL: |  1  2  3  4  5  6  7  8  9 |
---------------+----------------------------+-----
Stealth        | 10 | 10.5
Invocations    | 1 2 3 4 |  4.6
Long Blades    | 1 2 3 4 |  4.2
Axes           | 1 2 3 4 |  4.2
Maces & Flails | 1 2 3 4 |  4.2
Polearms       | 1 2 3 4 |  4.2
Staves         | 1 2 3 4 |  4.2
Ranged Weapons | 1 2 3 4 |  4.2
Throwing       | 1 2 3 4 |  4.2
Armour         | 1 2 3 4 |  4.2
Shields        | 1 2 3 4 |  4.2
Unarmed Combat | 1 2 3 4 |  4.2
Spellcasting   | 1 2 3 4 |  4.2
Evocations     | 1 2 3 4 |  4.2
Conjurations   | 1 2 3 |  3.4
Hexes          | 1 2 3 |  3.4
Summonings     | 1 2 3 |  3.4
Necromancy     | 1 2 3 |  3.4
Translocations | 1 2 3 |  3.4
Transmutations | 1 2 3 |  3.4
Fire Magic     | 1 2 3 |  3.4
Ice Magic      | 1 2 3 |  3.4
Air Magic      | 1 2 3 |  3.4
Earth Magic    | 1 2 3 |  3.4
Poison Magic   | 1 2 3 |  3.4
Short Blades   | 5 6 |  6.3
Dodging        | 5 6 |  6.3
Fighting       | 7 |  7.9

Action                     |  1- 3 |  4- 6 |  7- 9 || total
---------------------------+-------+-------+-------++-------
  Melee: Short sword       |    80 |   144 |   464 ||   688
         Bite              |    10 |    15 |    50 ||    75
         Punch             |     1 |     4 |    22 ||    27
  Throw: Boomerang         |       |     8 |     7 ||    15
         Dart              |       |     4 |     8 ||    12
         Throwing net      |       |       |     6 ||     6
  Evoke: Wand              |     3 |       |     8 ||    11
    Use: Potion            |       |     4 |     6 ||    10
         Scroll            |       |     9 |     6 ||    15
   Stab: Sleeping          |     3 |     6 |     9 ||    18
         Distracted        |       |     1 |     1 ||     2
         Held in net/web   |       |       |     5 ||     5
 Armour: Leather armour    |     4 |    24 |   131 ||   159
  Dodge: Dodged            |    29 |    62 |   231 ||   322
         Repelled          |       |     1 |       ||     1
